 Dungeon Crawl Stone Soup version 0.30.0-5-g1a98f26d00 (webtiles) character file.

Game seed: 11884645660847044638

2610 Renzlar the Blocker (level 9, -1/74 HPs)
             Began as a Gnoll Fighter on May 12, 2023.
             Was an Initiate of Okawaru.
             Succumbed to a gnoll sergeant's poison
             ... on level 7 of the Dungeon.
             The game lasted 00:25:23 (5679 turns).

Renzlar the Blocker (Gnoll Fighter)                 Turns: 5679, Time: 00:25:23

Health: -1/74      AC: 12    Str: 18    XL:     9   Next: 59%
Magic:  15/15      EV: 11    Int:  7    God:    Okawaru [......]
Gold:   238        SH:  6    Dex: 12    Spells: 17/17 levels left

rFire   . . .        a - +1 war axe
rCold   + . .        i - +0 buckler
rNeg    + . .        b - +1 scale mail
rPois   .            D - +0 hat
rElec   .            (no cloak)
rCorr   .            e - +0 pair of gloves
SInv    .            (no boots)
Will    .....        (no amulet)
Stlth   +            g - ring "Hairott" {rC+ rN+ Str-2 Slay+6}
HPRegen 0.32/turn    (no ring)
MPRegen 0.14/turn

%: no passive effects
@: lethally poisoned (-1 -> -13)
A: fangs 1, strong nose, distributed training, horns 1, iridescent scales 1
a: Renounce Religion


You were on level 7 of the Dungeon.
You worshipped Okawaru.
Okawaru was noncommittal.
You visited 1 branch of the dungeon, and saw 7 of its levels.
You also visited: Sewer.

You collected 238 gold pieces.

Inventory:

Hand Weapons
 a - a +1 war axe (weapon)
 c - a +0 sling
 d - a +3 spear
 s - a +2 whip of venom
Missiles
 j - 4 javelins (quivered)
 o - 12 poisoned darts
 t - a curare-tipped dart
 y - a throwing net
Armour
 b - a +1 scale mail (worn)
 e - a +0 pair of gloves (worn)
 i - a +0 buckler (worn)
 D - a +0 hat (worn)
Jewellery
 g - the ring "Hairott" (left hand) {rC+ rN+ Str-2 Slay+6}
   (You acquired it on level 5 of the Dungeon)

   [ring of protection from cold]

   Str:       It affects your strength (-2).
   Slay:      It affects your accuracy & damage with ranged weapons and melee
   (+6).
   rC:        It protects you from cold.
   rN:        It protects you from negative energy.
 F - a ring of protection from cold
Wands
 x - a wand of paralysis (3)
 z - a wand of flame (37)
Scrolls
 l - 4 scrolls of teleportation
 p - a scroll of enchant weapon
 u - 3 scrolls of blinking
 v - a scroll of fear
 w - a scroll of silence
 C - a scroll of amnesia
 E - a scroll of fog
Potions
 f - a potion of magic {unknown}
 h - 2 potions of mutation
 k - a potion of haste {unknown}
 m - 2 potions of lignification {unknown}
 r - a potion of degeneration {unknown}
 A - a potion of invisibility {unknown}
 B - a potion of brilliance {unknown}


   Skills:
 + Level 8.1 Fighting
 + Level 4.5 Short Blades
 + Level 4.5 Long Blades
 + Level 6.5 Axes
 + Level 4.5 Maces & Flails
 + Level 4.5 Polearms
 + Level 4.5 Staves
 + Level 4.5 Ranged Weapons
 + Level 4.5 Throwing
 + Level 8.1 Armour
 + Level 4.5 Dodging
 + Level 4.5 Stealth
 + Level 8.1 Shields
 + Level 4.5 Unarmed Combat
 + Level 4.5 Spellcasting
 + Level 3.8 Conjurations
 + Level 3.8 Hexes
 + Level 3.8 Summonings
 + Level 3.8 Necromancy
 + Level 3.8 Translocations
 + Level 3.8 Transmutations
 + Level 3.8 Fire Magic
 + Level 3.8 Ice Magic
 + Level 3.8 Air Magic
 + Level 3.8 Earth Magic
 + Level 3.8 Poison Magic
 + Level 5.0 Invocations
 + Level 4.5 Evocations


You had 17 spell levels left.
You didn't know any spells.
Your spell library contained the following spells:

 Spells                   Type           Power      Damage    Failure   Level
 Apportation              Tloc           12%        N/A       21%         1
 Necrotise                Necr           24%        1d5       21%         1
 Shock                    Conj/Air       24%        1d4       21%         1
 Swiftness                Air            6%         N/A       52%         3
 Airstrike                Air            3%         2d(1-17)  90%         4
 Summon Small Mammal      Summ           Unusable   N/A       N/A         1

Dungeon Overview and Level Annotations

Branches:
Dungeon (7/15)             Temple (0/1) D:7           Sewer (visited)

Altars:
Elyvilon
Okawaru
Zin


Innate Abilities, Weirdness & Mutations

You have very sharp teeth.
Your uncanny sense of smell can sniff out nearby items.
Your experience applies equally to all skills.
You have a pair of small horns on your head.
You are partially covered in iridescent scales. (AC +2)


Message History

You are lethally poisoned!
Things that are here:
a +0 whip; a gnoll corpse You feel much better.
You feel extremely sick. You block Maggie's attack.
The gnoll sergeant hits you but does no damage.
You are more poisoned.
You slash Maggie!
Maggie is almost dead.
You hit the gnoll sergeant.
You feel extremely sick.
Maggie points at you and mumbles some strange words.
The bolt of fire misses you. You block the gnoll sergeant's attack.
Unknown command.
You hit Maggie.
Maggie is almost dead.
You completely miss the gnoll sergeant.
* * * LOW HITPOINT WARNING * * *
You feel extremely sick.
Maggie gestures wildly while chanting.
Maggie draws you further into her thrall.
The gnoll sergeant hits you with a +1 trident of venom.
* * * LOW HITPOINT WARNING * * *
Unknown command.
You hit Maggie but do no damage.
Maggie is almost dead.
You hit the gnoll sergeant but do no damage.
* * * LOW HITPOINT WARNING * * *
You feel very sick. Maggie casts a spell at you. The bolt of fire hits you!
* * * LOW HITPOINT WARNING * * *
You block the gnoll sergeant's attack.
You slash Maggie!
You break out of your daze!
You kill Maggie!
Okawaru accepts your kill.
You hit the gnoll sergeant.
You die...

...####.....###
....○....... ..
#.....#####.☼.°........
#
#.........#...○○.......
#.....)...#............
#.........#............
####......#............
#......#............
#......#...°........
#))@...#.°..........
#.g....#............
#......#............
#......#............
#~.....#............
.......#............
...))...#○.○.........
.........#.......>....
###########


You could see a gnoll sergeant.

Vanquished Creatures
  Maggie (D:7)
  Duvessa (D:5)
  A water moccasin (D:6)
  2 black bears
  An ice beast (D:5)
  A sky beast (D:6)
  2 ogres
  Blork the orc (D:4)
  2 bullfrogs
  A kobold brigand (Sewer)
  3 scorpions
  8 wights (D:6)
  Dowan (D:5)
  2 howler monkeys
  3 hounds
  A gnoll bouda (D:6)
  4 jellies
  An orc priest (D:3)
  3 sleepcaps (D:6)
  3 iguanas
  3 orc wizards (D:7)
  15 gnolls
  11 adders
  A river rat (Sewer)
  2 shadow imps (D:7)
  2 white imps (D:6)
  2 ufetubi
  3 worms
  2 dart slugs (D:1)
  11 orcs
  11 ball pythons
  3 endoplasms
  2 giant cockroaches
  5 goblins
  5 hobgoblins
  4 jackals (D:5)
  4 quokkas
  A bat (D:1)
  2 frilled lizards
  14 kobolds
  9 rats
154 creatures vanquished.

Vanquished Creatures (others)
  A sky beast (D:7)
1 creature vanquished.

Grand Total: 155 creatures vanquished

Notes
Turn   | Place    | Note
-------+----------+-------------------------------------------
     0 | D:1      | Renzlar the Gnoll Fighter began the quest for the Orb.
     0 | D:1      | Reached XP level 1. HP: 23/23 MP: 1/1
    23 | D:1      | Found a faded altar of an unknown god.
    93 | D:1      | Reached XP level 2. HP: 29/29 MP: 2/2
   506 | D:2      | Reached XP level 3. HP: 27/35 MP: 3/3
   661 | D:2      | Reached skill level 1 in Invocations
   827 | D:2      | Reached skill level 1 in Short Blades
   827 | D:2      | Reached skill level 1 in Long Blades
   827 | D:2      | Reached skill level 1 in Maces & Flails
   827 | D:2      | Reached skill level 1 in Polearms
   827 | D:2      | Reached skill level 1 in Staves
   827 | D:2      | Reached skill level 1 in Ranged Weapons
   827 | D:2      | Reached skill level 1 in Throwing
   827 | D:2      | Reached skill level 1 in Dodging
   827 | D:2      | Reached skill level 1 in Stealth
   827 | D:2      | Reached skill level 1 in Unarmed Combat
   827 | D:2      | Reached skill level 1 in Spellcasting
   827 | D:2      | Reached skill level 1 in Evocations
  1024 | D:2      | Reached XP level 4. HP: 41/41 MP: 5/5
  1192 | D:3      | Reached skill level 1 in Conjurations
  1192 | D:3      | Reached skill level 1 in Hexes
  1192 | D:3      | Reached skill level 1 in Summonings
  1192 | D:3      | Reached skill level 1 in Necromancy
  1192 | D:3      | Reached skill level 1 in Translocations
  1192 | D:3      | Reached skill level 1 in Transmutations
  1192 | D:3      | Reached skill level 1 in Fire Magic
  1192 | D:3      | Reached skill level 1 in Ice Magic
  1192 | D:3      | Reached skill level 1 in Air Magic
  1192 | D:3      | Reached skill level 1 in Earth Magic
  1192 | D:3      | Reached skill level 1 in Poison Magic
  1332 | D:3      | Found a white marble altar of Elyvilon.
  1839 | D:4      | Noticed a scorpion
  1846 | D:3      | Killed a scorpion
  1847 | D:3      | Reached XP level 5. HP: 47/47 MP: 5/7
  1873 | D:4      | Noticed Blork the orc
  1887 | D:4      | Killed Blork the orc
  1888 | D:4      | Reached skill level 5 in Axes
  1888 | D:4      | Reached XP level 6. HP: 29/53 MP: 8/8
  2015 | D:4      | Gained mutation: You are partially covered in iridescent
                  | scales. (AC +2) [potion of mutation]
  2015 | D:4      | Gained mutation: You have a pair of small horns on your
                  | head. [potion of mutation]
  2023 | D:4      | Found a glowing drain.
  2045 | Sewer    | Entered a sewer
  2511 | D:4      | Reached XP level 7. HP: 60/60 MP: 10/10
  2742 | D:4      | Found a glowing silver altar of Zin.
  2934 | D:5      | Entered Level 5 of the Dungeon
  3167 | D:5      | Identified a scroll of acquirement
  3167 | D:5      | Acquired the ring "Hairott" {rC+ rN+ Str-2 Slay+6}
  3188 | D:5      | Identified the +4 whip "Uwkuen" {heavy, +Blink}
  3322 | D:5      | Noticed Duvessa
  3322 | D:5      | Noticed Dowan
  3337 | D:5      | Killed Duvessa
  3337 | D:5      | Killed Dowan
  3338 | D:5      | Reached XP level 8. HP: 43/67 MP: 12/12
  4762 | D:6      | Reached XP level 9. HP: 73/73 MP: 14/14
  5510 | D:7      | Found an iron altar of Okawaru.
  5516 | D:7      | Became a worshipper of Warmaster Okawaru
  5538 | D:7      | Reached skill level 5 in Invocations
  5567 | D:7      | Found a staircase to the Ecumenical Temple.
  5654 | D:7      | Noticed Maggie
  5678 | D:7      | HP: 2/74 [Maggie/bolt of fire (10)]
  5679 | D:7      | Killed Maggie
  5679 | D:7      | Succumbed to a gnoll sergeant's poison

Illustrated notes

Levels and vault maps discovered:
D:1:      psy_arrival_dodecagon, layout_rooms, basic_ecumenical_altar,
          hangedman_decor_lopped, minmay_pentomino_v4
D:2:      layout_basic
D:3:      layout_basic, mainiacjoe_overflow_chevrons, minivault_24,
          grunt_decor_fettered
D:4:      layout_basic, zin_statuary, cheibrodos_sewer_entry_drain,
          nicolae_concentric_dashed_squares_mild, minmay_misc_feat_tiny,
          uniq_blork_the_orc
D:5:      layout_loops_corners, uniq_duvessa
D:6:      layout_basic, hellmonk_no_cap
D:7:      layout_basic, mainiacjoe_overflow_swirl, lemuel_temple_firewalk_b,
          uniq_maggie

Skill      XL: |  1  2  3  4  5  6  7  8  9 |
---------------+----------------------------+-----
Invocations    | 1 2 3 4 5 |  5.0
Short Blades   | 1 2 3 4 |  4.5
Long Blades    | 1 2 3 4 |  4.5
Maces & Flails | 1 2 3 4 |  4.5
Polearms       | 1 2 3 4 |  4.5
Staves         | 1 2 3 4 |  4.5
Ranged Weapons | 1 2 3 4 |  4.5
Throwing       | 1 2 3 4 |  4.5
Dodging        | 1 2 3 4 |  4.5
Stealth        | 1 2 3 4 |  4.5
Unarmed Combat | 1 2 3 4 |  4.5
Spellcasting   | 1 2 3 4 |  4.5
Evocations     | 1 2 3 4 |  4.5
Conjurations   | 1 2 3 |  3.8
Hexes          | 1 2 3 |  3.8
Summonings     | 1 2 3 |  3.8
Necromancy     | 1 2 3 |  3.8
Translocations | 1 2 3 |  3.8
Transmutations | 1 2 3 |  3.8
Fire Magic     | 1 2 3 |  3.8
Ice Magic      | 1 2 3 |  3.8
Air Magic      | 1 2 3 |  3.8
Earth Magic    | 1 2 3 |  3.8
Poison Magic   | 1 2 3 |  3.8
Axes           | 5 6 |  6.5
Fighting       | 7 8 |  8.1
Armour         | 7 8 |  8.1
Shields        | 7 8 |  8.1

Action                     |  1- 3 |  4- 6 |  7- 9 || total
---------------------------+-------+-------+-------++-------
  Melee: War axe           |    49 |    77 |   105 ||   231
         Bite              |     4 |     7 |    18 ||    29
         Headbutt          |       |    11 |    30 ||    41
         Whip              |       |       |    23 ||    23
         Spear             |       |       |     5 ||     5
   Fire: Sling             |    53 |    60 |   156 ||   269
  Throw: Boomerang         |     2 |       |       ||     2
    Use: Scroll            |     4 |     7 |     5 ||    16
         Potion            |       |     4 |     6 ||    10
 Armour: Chain mail        |    15 |       |       ||    15
         Scale mail        |    13 |    37 |    63 ||   113
  Dodge: Dodged            |    23 |    40 |    71 ||   134
  Block: Buckler           |    19 |    19 |    41 ||    79
